 Dungeon Crawl Stone Soup version 0.27.0-1-g7a089689b8 (webtiles) character file.

Game seed: 2214850299027493305

30 HungrySpirit the Caller (level 2, 0/25 HPs)
             Began as a Demigod Summoner on Aug 1, 2021.
             Killed from afar by Sigmund (4 damage)
             ... with a magic dart
             ... on level 2 of the Dungeon.
             The game lasted 00:02:25 (1662 turns).

HungrySpirit the Caller (Demigod Summoner)          Turns: 1662, Time: 00:02:26

Health: 0/25       AC:  2    Str:  9    XL:     2   Next: 87%
Magic:  3/7        EV: 12    Int: 17    God:
Gold:   68         SH:  0    Dex: 14    Spells: 1/4 levels left

rFire    . . .     SeeInvis .   e - +0 short sword
rCold    . . .     Faith    .   (no shield)
rNeg     . . .     Spirit   .   a - +0 robe
rPois    .         Reflect  .   (no helmet)
rElec    .         Harm     .   (no cloak)
rCorr    .         Rampage  .   (no gloves)
Will     .....                  (no boots)
Stlth    +.........             (no amulet)
HPRegen  0.08/turn              (no ring)
MPRegen  0.10/turn              (no ring)

@: confused
A: high mp 1, forlorn
a: no special abilities


You were on level 2 of the Dungeon.
You visited 1 branch of the dungeon, and saw 2 of its levels.

You collected 68 gold pieces.

Inventory:

Hand Weapons
 e - a +0 short sword (weapon)
 g - a +0 falchion
Armour
 a - a +0 robe (worn)
 c - a +0 chain mail
Scrolls
 b - a scroll of noise {unknown}
 d - a scroll of blinking {unknown}
Potions
 f - a potion of curing {unknown}
 h - a potion of degeneration {unknown}
 i - a potion of haste {unknown}
 j - a potion of flight {unknown}
 k - a potion of berserk rage {unknown}


   Skills:
 + Level 2.5 Fighting
 - Level 1.7 Dodging
 - Level 1.7 Stealth
 - Level 1.7 Spellcasting
 - Level 3.6 Summonings


You had one spell level left.
You knew the following spells:

 Your Spells              Type           Power      Damage    Failure   Level
a - Summon Small Mammal   Summ           52%        N/A       4%          1
b - Call Imp              Summ           13%        N/A       7%          2

Your spell library contained the following spells:

 Spells                   Type           Power      Damage    Failure   Level
 Call Canine Familiar     Summ           13%        N/A       14%         3
 Summon Guardian Golem    Hex/Summ       7%         N/A       28%         3
 Summon Lightning Spire   Summ/Air       7%         N/A       67%         4


Dungeon Overview and Level Annotations

Branches:
Dungeon (2/15)

Shops:
D:2 *

Annotations:
D:2 Sigmund


Innate Abilities, Weirdness & Mutations

Your attributes grow dramatically as you level up.
You have an increased reservoir of magic. (+10% MP)
You shall have no god before yourself.


Message History

Your crimson imp blinks!
Unknown command.
Your crimson imp barely misses Sigmund.
Found Roet's Assorted Antiques.
Unknown command.
Casting: Call Imp (safe; 7% risk of failure)
Confirm with . or Enter, or press ? or * to list all spells.
A beastly little devil appears in a puff of flame.
Sigmund hits you from afar with a +0 scythe.
* * * LOW HITPOINT WARNING * * *
Your crimson imp misses Sigmund.
Unknown command.
Your crimson imp hits Sigmund but does no damage.
Unknown command.
Your crimson imp hits Sigmund.
Unknown command.
Sigmund casts a spell at you.
You are confused.
Your crimson imp barely misses Sigmund.
Your crimson imp hits Sigmund.
Unknown command.
Your crimson imp disappears in a puff of smoke!
Your crimson imp blinks!
Your crimson imp blinks!
Sigmund gestures at you while chanting. You resist with significant effort.
Unknown command.
Unknown command.
Your crimson imp barely misses Sigmund.
Your crimson imp closely misses Sigmund.
Are you sure you want to stumble around while confused and next to your crimson imp?
You feel less confused.
Sigmund closely misses your crimson imp.
Your crimson imp hits Sigmund but does no damage.
Your crimson imp hits Sigmund but does no damage.
Sigmund gestures at you while chanting.
You are confused.
Your crimson imp blinks!
Sigmund points at you and mumbles some strange words.
The magic dart hits you.
You die...

#######....#
#.....#....#
#.....#....#
######.....#....#
#........8.#....#
#..........#....## .
#......##∩##......
#...###....@.5..5.###.§.
.......@...#...<..###...
...........+............
.........^.#...8..###...
####.......#......# ####
..#####........... ...
.........5... ...
............. ..
+............. #...#....


You could see Sigmund (ally target) and a friendly crimson imp (summoned).

Vanquished Creatures
  2 endoplasms
  4 giant cockroaches
  2 goblins (D:1)
  A kobold (D:1)
  A ball python (D:1)
  A rat (D:1)
11 creatures vanquished.

Vanquished Creatures (collateral kills)
  3 bats (D:1)
  3 endoplasms (D:1)
  A hobgoblin (D:1)
  3 jackals (D:1)
  A quokka (D:1)
  3 ball pythons (D:1)
  5 kobolds
  2 rats (D:1)
21 creatures vanquished.

Grand Total: 32 creatures vanquished

Notes
Turn   | Place    | Note
-------+----------+-------------------------------------------
     0 | D:1      | HungrySpirit the Demigod Summoner began the quest for the
                  | Orb.
     0 | D:1      | Reached XP level 1. HP: 14/14 MP: 5/5
   239 | D:1      | Reached skill level 1 in Fighting
   531 | D:1      | Reached XP level 2. HP: 19/23 MP: 5/7
  1335 | D:2      | Learned a level 2 spell: Call Imp
  1621 | D:2      | Noticed Sigmund
  1648 | D:2      | Found Roet's Assorted Antiques.
  1662 | D:2      | Killed from afar by Sigmund

Illustrated notes

Levels and vault maps discovered:
D:1:      nicolae_arrival_washed_ashore, layout_basic,
          shapermc_ecumenical_altar_starsandcircs
D:2:      layout_basic, serial_shops, shop_statue, basic_altar, uniq_terence,
          uniq_sigmund

Skill      XL: |  1  2 |
---------------+-------+-----
Fighting       | 1 2 |  2.5
Dodging        | |  1.7
Stealth        | |  1.7
Spellcasting   | |  1.7
Summonings     | |  3.6

Action                   || total
-------------------------++-------
Melee: Unarmed           ||    15
       Short sword       ||    61
 Cast: Summon Small Mamm ||    32
       Call Imp          ||     5
 Stab: Sleeping          ||     1
Armor: Robe              ||    29
Dodge: Dodged            ||    91
